 Dungeon Crawl Stone Soup version 0.17.0-56-gd8de76c (webtiles) character file.

65065 dorian the Devastator (level 15, -1/81 HPs)
             Began as an Octopode Conjurer on Dec 4, 2015.
             Was a High Priest of Vehumet.
             Killed from afar by an orc wizard (11 damage)
             ... with a puff of flame
             ... on level 3 of the Orcish Mines.
             The game lasted 01:49:15 (35321 turns).

dorian the Devastator (Octopode Conjurer)          Turns: 35321, Time: 01:49:16

Health: -1/81      AC:  6    Str: 12    XL:     15   Next: 15%
Magic:  40/40      EV: 14    Int: 23    God:    Vehumet [*****.]
Gold:   2520       SH:  0    Dex: 13    Spells: 8 memorised, 3 levels left

rFire  . . .     SeeInvis +     i - +0 dagger (protect)
rCold  + . .     Clarity  .     (no shield)
rNeg   . . .     SustAt   .     (helmet restricted)
rPois  .         Gourm    +     C - amulet of the gourmand
rElec  .         Spirit   .     s - +2 ring of evasion
rCorr  .         Warding  .     H - +4 ring of strength
rMut   .         Stasis   .     o - ring of see invisible
MR     +....                    g - ring of protection from cold
Stlth  ++++......               E - ring of magical power
                                (no ring)
                                (no ring)
                                (no ring)

@: delayed fireball, somewhat resistant to hostile enchantments, stealthy
A: almost no armour, amphibious, 8 rings, constrict 8, camouflage 1, gelatinous
body 1
a: Renounce Religion, Release Delayed Fireball


You were on level 3 of the Orcish Mines.
You worshipped Vehumet.
Vehumet was extremely pleased with you.
You were completely stuffed.

You visited 4 branches of the dungeon, and saw 23 of its levels.

You collected 2520 gold pieces.

Inventory:

Hand Weapons
 i - a +0 dagger of protection (weapon)
 Y - the +5 trident of Tulinem {antimagic, +Rage Str-2 Int+9 Dex+2}
   (You took it off an orc on level 10 of the Dungeon)

   It disrupts the flow of magical energy around spellcasters and certain
   magical creatures (including the wielder).
   It affects your strength (-2).
   It affects your intelligence (+9).
   It affects your dexterity (+2).
   It lets you go berserk.
Magical Staves
 L - an uncursed staff of fire
Jewellery
 g - a ring of protection from cold (on tentacle)
 o - a ring of see invisible (on tentacle)
 s - a +2 ring of evasion (left tentacle)
 C - an amulet of the gourmand (around mantle)
 E - a ring of magical power (on tentacle)
 H - a +4 ring of strength (right tentacle)
 S - an uncursed amulet of resist corrosion
Wands
 k - a wand of fire (10)
 q - a wand of hasting (4)
 r - a wand of fireball (9)
 v - a wand of draining (9)
 U - a wand of disintegration (9)
 V - a wand of cold (0)
 X - a wand of cold (10)
 Z - a wand of fire (5)
Scrolls
 d - a scroll of identify
 e - 2 scrolls of recharging
 m - 4 scrolls of teleportation
 t - a scroll of magic mapping
 A - 2 scrolls of amnesia
 F - 3 scrolls of enchant armour
 J - 10 scrolls of remove curse
 N - a scroll of summoning
 Q - a scroll of fog
 R - a scroll of immolation
Potions
 c - a potion of resistance
 h - 4 potions of brilliance
 j - a potion of cancellation
 n - 3 potions of curing
 p - a potion of berserk rage
 z - 2 potions of might
 B - a potion of ambrosia
 D - 5 potions of magic
 G - 2 potions of mutation
 I - 2 potions of lignification
 K - a potion of flight
Books
 a - a book of Conjurations

   Spells                             Type                      Level
   a - Magic Dart                     Conjuration                  1
   b - Searing Ray                    Conjuration                  2
   c - Dazzling Spray                 Conjuration/Hexes            3
   d - Fulminant Prism                Conjuration/Hexes            4
   e - Iskenderun's Mystic Blast      Conjuration                  4
   f - Iskenderun's Battlesphere      Conjuration/Charms           5
 W - a book of Summonings

   Spells                             Type                      Level
   a - Recall                         Summoning/Translocation      3
   b - Aura of Abjuration             Summoning                    5
   c - Shadow Creatures               Summoning                    5
   d - Summon Demon                   Summoning                    5
   e - Summon Forest                  Summoning/Translocation      5
   f - Summon Mana Viper              Hexes/Summoning              5
Miscellaneous
 M - a sack of spiders
 P - a box of beasts {used: 1}
Comestibles
 b - 9 bread rations
 f - 8 meat rations
 l - a chunk of flesh


   Skills:
 - Level 2.0 Dodging
 - Level 5.0 Stealth
 + Level 12.5 Spellcasting
 + Level 18.1 Conjurations
 - Level 4.0 Charms
 + Level 9.0 Fire Magic
 + Level 8.5 Poison Magic


You had 3 spell levels left.
You knew the following spells:

 Your Spells              Type           Power        Failure   Level  Hunger
a - Magic Dart            Conj           ####         0%          1    None
b - Searing Ray           Conj           ######       0%          2    None
c - Iskenderun's Battles  Conj/Chrm      ######..     1%          5    ###....
d - Delayed Fireball      Conj/Fire      N/A          4%          7    ######.
e - Force Lance           Conj/Tloc      ######..     1%          4    None
f - Bolt of Magma         Conj/Fire/Erth ######....   1%          5    ###....
g - Poisonous Cloud       Conj/Pois/Air  ######....   4%          6    #####..
h - Bolt of Fire          Conj/Fire      ######....   1%          6    #####..


Dungeon Overview and Level Annotations

Branches:
Dungeon (10/15)            Temple (1/1) D:5            Lair (8/8) D:9
  Swamp (0/4) Lair:6       Spider (0/4) Lair:6          Orc (4/4) D:10
    Elf (0/3) Orc:3
  Slime: Lair:6-8

Altars:
Ashenzari
Cheibriados
Dithmenos
Elyvilon
Fedhas
Gozag
Kikubaaqudgha
Makhleb
Nemelex Xobeh
Okawaru
Qazlal
Ru
Sif Muna
Trog
Vehumet
Xom
Yredelemnul
Zin
The Shining One

Shops:
D:6 (   Orc:2 :

Annotations:
Lair:6 Nessos
Orc:4 Saint Roka, Snorg


Innate Abilities, Weirdness & Mutations

You cannot wear most types of armour.
You are amphibious.
You can wear up to eight rings at the same time.
You can use your tentacles to constrict eight enemies at once.
Your skin changes colour to match your surroundings (Stealth).
Your rubbery body absorbs attacks (AC +1).


Message History

The orc warrior barely misses you.
The orc shouts! x2
Saint Roka shouts!
The orc shouts!
The orc shouts!
There is a stone staircase leading up, spattered with blood here.
The orc wizard hits you but does no damage.
The orc warrior hits you with a short sword!
The orc warrior hits you with a long sword!
The orc hits you with a flail of protection.
The orc hits you from afar with a trident.
The orc warrior hits you with a war axe!!
* * * LOW HITPOINT WARNING * * *
You climb upwards.
There is a stone staircase leading down here.
Unknown command.
The orc warrior hits you with a short sword.
* * * LOW HITPOINT WARNING * * *
You see here a hand axe.
The orc wizard points at you and mumbles some strange words.
The puff of flame hits you!
You die...

#........#....####
##.......#....##.##
##.#..............#
###................##
##.##..........#....##
#...##...#o..........#
##.#.##.#oo.......#.##
####.....#..)........###
##.#.#.#....@o........##
#......................#
##..#.#................##
#...####..............#.##
##.#.##.#.....^..........##
##.........>.............#
###.##.............#.##.##
###.#.##.........#......###
##......................[#


You could see 2 orc warriors, an orc wizard and an orc.

Vanquished Creatures
  Maud (Lair:6)
  3 catoblepae
  5 hydras
  The ghost of AAAAA the Carver, a novice HuFi of Okawaru (D:8)
  8 death yaks
  A fire crab (Lair:7)
  A hill giant (D:10)
  An orc knight (Orc:3)
  2 manticores (Lair:8)
  5 griffons
  2 centaur zombies (D:10)
  8 elephants
  5 black mambas
  19 spiny frogs
  11 komodo dragons
  3 fire drakes
  4 polar bears
  3 trolls
  2 two-headed ogres
  A giant leech (Lair:6)
  2 boulder beetles
  19 blink frogs
  Sigmund (D:5)
  3 spriggans
  3 wyverns
  Eustachio (D:4)
  2 basilisks (Lair:3)
  6 hippogriffs
  41 yaks
  A hungry ghost (D:10)
  Menkaure (D:5)
  2 wargs
  29 wolves
  20 orc warriors
  21 water moccasins
  Duvessa (D:5)
  2 black bears
  A soldier ant (D:10)
  6 ice beasts
  A necrophage (D:9)
  3 sky beasts
  A wasp (Lair:6)
  6 ogres
  13 porcupines
  9 centaurs
  22 crocodiles
  22 giant frogs
  2 gnoll sergeants
  Dowan (D:5)
  A wyvern skeleton (D:10)
  15 killer bees
  3 scorpions
  A vampire bat (Lair:3)
  3 crimson imps
  3 jellies
  8 electric eels
  11 hounds
  A centaur skeleton (D:4)
  31 orc priests
  A giant frog skeleton (D:8)
  The ghost of Elvalys the Magician, a weakling SpWz (D:3)
  29 orc wizards
  8 iguanas
  5 worker ants
  A centaur simulacrum (D:9)
  23 sheep
  A hound zombie (D:9)
  2 hound skeletons
  2 worker ant zombies (D:10)
  Robin (D:3)
  13 adders
  71 river rats
  19 gnolls
  3 shadow imps
  3 ufetubi (D:9)
  A white imp (D:9)
  A worker ant simulacrum (D:9)
  2 adder zombies (D:9)
  An adder skeleton (D:8)
  3 worms
  158 orcs
  11 bats
  7 giant cockroaches
  18 goblins
  11 hobgoblins
  4 jackals (D:9)
  8 kobolds
  4 quokkas
  2 ball pythons
  6 giant geckos
  A giant gecko skeleton (D:5)
  A giant gecko zombie (D:8)
  7 giant newts
  12 rats
  7 fungi (Lair:8)
853 creatures vanquished.

Vanquished Creatures (others)
  28 fungi
  18 plants
46 creatures vanquished.

Grand Total: 899 creatures vanquished

Notes
Turn   | Place    | Note
--------------------------------------------------------------
     0 | D:1      | dorian the Octopode Conjurer began the quest for the Orb.
     0 | D:1      | Reached XP level 1. HP: 11/11 MP: 3/3
   452 | D:1      | Reached XP level 2. HP: 17/17 MP: 0/5
  1087 | D:1      | Reached XP level 3. HP: 21/21 MP: 0/6
  2298 | D:3      | Reached skill level 5 in Conjurations
  2298 | D:3      | Reached XP level 4. HP: 27/27 MP: 2/8
  2344 | D:3      | Noticed Elvalys's ghost (weakling SpWz)
  2361 | D:2      | Learned a level 2 spell: Searing Ray
  2544 | D:3      | Killed Elvalys's ghost
  3188 | D:3      | Reached XP level 5. HP: 31/31 MP: 5/9
  3339 | D:3      | Found a shadowy altar of Dithmenos.
  3505 | D:3      | Noticed Robin
  3531 | D:3      | Killed Robin
  3531 | D:3      | Reached skill level 6 in Conjurations
  3849 | D:3      | Reached XP level 6. HP: 36/36 MP: 5/11
  4069 | D:3      | Found a white marble altar of Elyvilon.
  4078 | D:3      | Found a deep blue altar of Sif Muna.
  4078 | D:3      | Found an iron altar of Okawaru.
  4080 | D:3      | Found a blossoming altar of Fedhas.
  4543 | D:4      | Noticed Eustachio
  4564 | D:4      | Reached skill level 7 in Conjurations
  4564 | D:4      | Reached XP level 7. HP: 41/41 MP: 8/13
  5143 | D:4      | Killed Eustachio
  5256 | D:4      | Reached skill level 8 in Conjurations
  5468 | D:4      | Reached XP level 8. HP: 46/46 MP: 7/15
  5635 | D:4      | Reached skill level 5 in Spellcasting
  5855 | D:5      | Entered Level 5 of the Dungeon
  5878 | D:5      | Noticed Menkaure
  5885 | D:5      | Killed Menkaure
  5893 | D:5      | Noticed a wyvern
  5899 | D:5      | Killed a wyvern
  5899 | D:5      | Reached skill level 9 in Conjurations
  6133 | D:5      | Found a staircase to the Ecumenical Temple.
  6138 | D:5      | Noticed Sigmund
  6143 | D:5      | Killed Sigmund
  6243 | D:5      | Found a blossoming altar of Fedhas.
  6243 | D:5      | Noticed Duvessa
  6247 | D:5      | Noticed Dowan
  6248 | D:5      | Killed Duvessa
  6254 | D:5      | Killed Dowan
  6460 | D:5      | Reached skill level 10 in Conjurations
  6460 | D:5      | Reached XP level 9. HP: 45/51 MP: 14/18
  6487 | D:5      | Learned a level 5 spell: Iskenderun's Battlesphere
  6845 | Temple   | Entered the Ecumenical Temple
  6891 | Temple   | Became a worshipper of Vehumet
  7094 | D:6      | Found Fenesch's Antique Weapon Emporium.
  7638 | D:6      | Reached * piety under Vehumet
  7638 | D:6      | Offered knowledge of Freeze by Vehumet.
  7994 | D:6      | Reached skill level 11 in Conjurations
  8903 | D:7      | Reached XP level 10. HP: 46/56 MP: 15/21
  9289 | D:7      | Reached skill level 12 in Conjurations
 10102 | D:8      | Noticed AAAAA's ghost (novice HuFi)
 10112 | D:8      | Killed AAAAA's ghost
 10305 | D:8      | Offered knowledge of Flame Tongue by Vehumet.
 10309 | D:8      | Reached ** piety under Vehumet
 10758 | D:8      | Reached skill level 1 in Charms
 11533 | D:8      | Found a shattered altar of Ashenzari.
 11878 | D:9      | Found an opulent altar of Gozag.
 11932 | D:9      | Offered knowledge of Ignite Poison by Vehumet.
 12033 | D:9      | Reached skill level 13 in Conjurations
 12130 | D:8      | Learned a level 4 spell: Iskenderun's Mystic Blast
 12379 | D:9      | Reached *** piety under Vehumet
 12610 | D:9      | Reached XP level 11. HP: 35/61 MP: 16/23
 12864 | D:9      | Found a staircase to the Lair.
 12969 | D:9      | Noticed an elephant
 12975 | D:9      | Killed an elephant
 13168 | D:9      | Offered knowledge of Force Lance by Vehumet.
 13180 | D:9      | Learned a level 4 spell: Force Lance
 13936 | Lair:1   | Entered Level 1 of the Lair of Beasts
 14036 | Lair:1   | Reached **** piety under Vehumet
 14342 | Lair:1   | Reached skill level 14 in Conjurations
 14360 | Lair:1   | Offered knowledge of Bolt of Magma by Vehumet.
 14396 | Lair:1   | Learned a level 5 spell: Bolt of Magma
 14923 | Lair:1   | Reached skill level 5 in Stealth
 15118 | Lair:1   | Reached skill level 1 in Fire Magic
 15735 | Lair:2   | Reached XP level 12. HP: 66/66 MP: 18/25
 15744 | Lair:2   | Reached ***** piety under Vehumet
 15948 | Lair:2   | Offered knowledge of Bolt of Draining by Vehumet.
 15948 | Lair:2   | Reached skill level 10 in Spellcasting
 16940 | Lair:3   | Reached skill level 15 in Conjurations
 18183 | Lair:4   | Noticed a seven-headed hydra
 18190 | Lair:4   | Killed a seven-headed hydra
 19038 | Lair:4   | Reached skill level 5 in Fire Magic
 19195 | Lair:4   | Noticed a catoblepas
 19204 | Lair:4   | Killed a catoblepas
 19314 | Lair:5   | Reached XP level 13. HP: 71/71 MP: 18/27
 19508 | Lair:5   | Reached skill level 16 in Conjurations
 20923 | Lair:6   | Offered knowledge of Poisonous Cloud by Vehumet.
 20931 | Lair:6   | Learned a level 6 spell: Poisonous Cloud
 21307 | Lair:6   | Reached skill level 1 in Poison Magic
 21978 | Lair:6   | Found a staircase to the Swamp.
 22505 | Lair:6   | Found a hole to the Spider Nest.
 22927 | Lair:6   | Noticed Maud
 23837 | Lair:6   | Noticed Nessos
 24492 | Lair:6   | Killed Maud
 24660 | Lair:6   | Reached skill level 17 in Conjurations
 24833 | Lair:5   | Reached XP level 14. HP: 76/76 MP: 3/29
 25122 | Lair:6   | Reached skill level 5 in Poison Magic
 26981 | Lair:8   | Entered Level 8 of the Lair of Beasts
 27206 | Lair:8   | Found a shattered altar of Ashenzari.
 27811 | Lair:8   | Offered knowledge of Bolt of Fire by Vehumet.
 28199 | Lair:8   | Learned a level 6 spell: Bolt of Fire
 29948 | Lair:8   | Reached skill level 18 in Conjurations
 30424 | D:10     | Entered Level 10 of the Dungeon
 31171 | D:10     | Reached XP level 15. HP: 81/81 MP: 24/31
 31389 | D:10     | Got a scorched trident {antimagic}
 31390 | D:10     | Identified the +5 trident of Tulinem {antimagic, +Rage Str-2 Int+9 Dex+2} (You took it off an orc on level 10 of the Dungeon)
 31395 | D:10     | Offered knowledge of Poison Arrow by Vehumet.
 31597 | D:10     | Found a staircase to the Orcish Mines.
 31701 | D:10     | Gained mutation: Scrolls take you a little longer to read. [potion of mutation]
 31701 | D:10     | Gained mutation: Your magical capacity is low (-10% MP). [potion of mutation]
 31701 | D:10     | Gained mutation: You tend to lose your temper in combat. [potion of mutation]
 31702 | D:10     | Lost mutation: Your magical capacity is low (-10% MP). [potion of cure mutation]
 31702 | D:10     | Lost mutation: You tend to lose your temper in combat. [potion of cure mutation]
 31702 | D:10     | Lost mutation: Scrolls take you a little longer to read. [potion of cure mutation]
 31944 | Orc:1    | Entered Level 1 of the Orcish Mines
 33111 | Orc:2    | Offered knowledge of Delayed Fireball by Vehumet.
 33155 | Orc:1    | Learned a level 7 spell: Delayed Fireball
 33321 | Orc:3    | Found a staircase to the Elven Halls.
 33564 | Orc:2    | Found Pues's Book Shop.
 34451 | Orc:4    | Entered Level 4 of the Orcish Mines
 34451 | Orc:4    | Noticed Snorg
 34611 | Orc:4    | Noticed Saint Roka
 35289 | Orc:1    | Offered knowledge of Bolt of Cold by Vehumet.
 35321 | Orc:3    | Killed from afar by an orc wizard

Action                   |  1- 3 |  4- 6 |  7- 9 | 10-12 | 13-15 || total
-------------------------+-------+-------+-------+-------+-------++-------
Melee: Unarmed           |    29 |       |       |       |       ||    29
       Dagger            |    15 |    23 |    23 |    20 |    63 ||   144
       Short sword       |       |       |     2 |       |       ||     2
 Cast: Magic Dart        |    72 |    58 |   150 |   408 |   535 ||  1223
       Searing Ray       |       |    16 |    48 |    78 |   126 ||   268
       Iskenderun's Batt |       |       |     1 |    89 |   170 ||   260
       Force Lance       |       |       |       |    17 |    81 ||    98
       Poisonous Cloud   |       |       |       |       |    36 ||    36
       Bolt of Magma     |       |       |       |       |     4 ||     4
       Bolt of Fire      |       |       |       |       |     7 ||     7
       Iskenderun's Myst |       |       |       |       |     2 ||     2
       Delayed Fireball  |       |       |       |       |     1 ||     1
Evoke: Wand              |       |       |     3 |     3 |     6 ||    12
       Sack of spiders   |       |       |       |       |     2 ||     2
       Box of beasts     |       |       |       |       |     1 ||     1
  Use: Scroll            |       |       |    12 |     8 |    19 ||    39
       Potion            |       |       |       |     8 |     5 ||    13
 Stab: Sleeping          |     3 |       |       |     2 |       ||     5
  Eat: Chunk             |     5 |     6 |    14 |    34 |    76 ||   135
       Fruit             |       |     1 |       |     2 |     3 ||     6
       Royal jelly       |       |       |       |     3 |       ||     3
       Beef jerky        |       |       |       |     2 |     3 ||     5
       Meat ration       |       |       |       |     1 |     4 ||     5
       Pizza             |       |       |       |     1 |       ||     1
